 Dungeon Crawl Stone Soup version 0.31-a0-196-g86fe4a5e66 (webtiles) character file.

Game seed: 1206751920927317042

32 qw the Shooter (level 3, 0/20 HPs)
             Began as a Deep Elf Hunter on June 24, 2023.
             Slain by an orc wizard
             ... wielding a +0 dagger
              (3 damage)
             ... on level 3 of the Dungeon.
             The game lasted 00:00:26 (1544 turns).

qw the Shooter (Deep Elf Hunter)                    Turns: 1544, Time: 00:00:27

Health: 0/20       AC:  5    Str: 10    XL:     3   Next: 10%
Magic:  5/5        EV: 11    Int: 13    God:
Gold:   145        SH:  0    Dex: 18    Spells: 2/2 levels left

rFire   . . .        Y - +1 shortbow
rCold   . . .        (shield currently unavailable)
rNeg    . . .        b - +0 ring mail
rPois   +            (no helmet)
rElec   .            (no cloak)
rCorr   .            (no gloves)
SInv    .            (no boots)
Will    .....        e - amulet of regeneration
Stlth   +            g - ring of poison resistance
HPRegen 1.03/turn    (no ring)
MPRegen 0.09/turn

%: no passive effects
@: about to teleport
A: no striking features
a: no special abilities


You were on level 3 of the Dungeon.
You visited 1 branch of the dungeon, and saw 3 of its levels.

You collected 145 gold pieces.


   Skills:
 - Level 1.5 Fighting
 + Level 6.7 Ranged Weapons
 - Level 2.4 Dodging
 - Level 1.2 Stealth


You had 2 spell levels left.
You didn't know any spells.
Your spell library was empty.

Inventory:

Hand Weapons
 Y - a +1 shortbow (weapon)
Armour
 b - a +0 ring mail (worn)
Jewellery
 c - a +6 ring of intelligence
 e - an amulet of regeneration (around neck)
 g - a ring of poison resistance (left hand)
Scrolls
 h - a scroll of identify
Potions
 d - 2 potions of curing
 f - a potion of ambrosia {unknown}

Dungeon Overview and Level Annotations

Branches:
Dungeon (3/15)

Altars:
Hepliaklqana

Shops:
D:1 =


Message History

You shoot an arrow. The arrow hits the orc wizard.
The orc wizard is moderately wounded.
You shoot an arrow. The arrow hits the orc wizard.
The orc wizard is heavily wounded.
The orc wizard mumbles some strange words.
The orc wizard flickers and vanishes!
Deactivating autopickup; reactivate with Ctrl-A.
You shoot an arrow. The arrow barely misses the orc.
Something hits you.
You shoot an arrow. The arrow barely misses the orc.
The orc hits you but does no damage.
You shoot an arrow. The arrow closely misses the orc.
You shoot an arrow. The arrow hits the orc!
You kill the orc!
You hear some strange, mumbled words.
A magic dart appears from out of thin air!
The magic dart hits you.
You shoot an arrow. You shoot an arrow. The arrow closely misses the orc.
An orc comes into view. It is wielding a +0 short sword.
You hear some strange, mumbled words.
Something tries to affect you, but you resist.
You shoot an arrow. The arrow hits the orc.
The orc is severely wounded.
Something hits you but does no damage. The orc hits you with a +0 falchion.
You hear some strange, mumbled words.
Something tries to affect you, but you resist.
The orc hits you with a +0 falchion!
You shoot an arrow. The arrow hits the orc!
You kill the orc!
The orc hits you but does no damage. Something hits you.
1543 ||| READING scroll of teleportation.
As you read the scroll of teleportation, it crumbles to dust.
You feel strangely unstable. The orc hits you with a +0 short sword.
The orc barely misses you. Something hits you.
You shoot an arrow. The arrow hits the orc!
You kill the orc!
Something hits you.
You die...

#. ###.. #. ..#.# #.
..#.# #. ..#.# #.
#.##### ..#.# ..
#.#...# ..#.#
#######.#o#.#.# ..#.#
#........{@.#.#
....###.#######)....#
.........>..........#
..#####.#.#########.#
### .).#.# #...#.#
#####.#####.#.#.#
#.#####....##.#+#.#
#).........#......#
............#......#


You could see an orc.

Vanquished Creatures
  2 worms (D:2)
  2 dart slugs (D:2)
  3 orcs (D:3)
  2 endoplasms
  3 ball pythons (D:2)
  4 bats
  4 frilled lizards
  A kobold (D:3)
  5 rats
26 creatures vanquished.

Notes
Turn   | Place    | Note
-------+----------+-------------------------------------------
     0 | D:1      | qw the Deep Elf Hunter began the quest for the Orb.
     0 | D:1      | Reached XP level 1. HP: 12/12 MP: 3/3
     0 | D:1      | 0 ||| qw: Version: 0.3-a-9-g12657ce
     0 | D:1      | 0 ||| qw: Game counter: 4815
     0 | D:1      | 0 ||| qw: Always use a shield: true
     0 | D:1      | 0 ||| qw: God list: Okawaru
     0 | D:1      | 0 ||| qw: Allow faded altars: false
     0 | D:1      | 0 ||| qw: Do Orc after D:15 true
     0 | D:1      | 0 ||| qw: Do second Lair branch before Depths: true
     0 | D:1      | 0 ||| qw: Lair rune preference: random
     0 | D:1      | 0 ||| qw: Plans: Normal
     0 | D:1      | 0 ||| PLANNING D:1-11
   211 | D:1      | Found Meegu's Jewellery Shop.
   219 | D:1      | 219 ||| SHOPLISTING +4 ring of protection (504 gold, have
                  | 21).
   219 | D:1      | 219 ||| SHOPLISTING amulet of faith (560 gold, have 21).
   219 | D:1      | 219 ||| SHOPLISTING ring of fire (350 gold, have 21).
   219 | D:1      | 219 ||| SHOPLISTING ring of poison resistance (280 gold,
                  | have 21).
   219 | D:1      | 219 ||| SHOPLISTING ring of protection from cold (350 gold,
                  | have 21).
   219 | D:1      | 219 ||| SHOPLISTING ring of protection from fire (350 gold,
                  | have 21).
   465 | D:1      | 465 ||| READING 2 scrolls labelled ICUBOC BUKHAHICISA.
   469 | D:1      | 469 ||| READING scroll labelled HURAYLUEHOST.
   470 | D:1      | 470 ||| READING scroll labelled KUUDWA IXZAFIVAEGG.
   471 | D:1      | 471 ||| READING scroll labelled SUPNUPOWIO.
   472 | D:1      | 472 ||| READING scroll labelled WAMULE FEUWE.
   473 | D:1      | 473 ||| DROPPING scroll of butterflies.
   579 | D:2      | Reached XP level 2. HP: 16/16 MP: 4/4
   713 | D:2      | Reached skill level 6 in Ranged Weapons
  1392 | D:2      | 1392 ||| UPGRADING to +0 ring mail.
  1402 | D:2      | 1402 ||| DROPPING +0 leather armour.
  1403 | D:2      | 1403 ||| UPGRADING to amulet of regeneration.
  1408 | D:2      | 1408 ||| UPGRADING to ring of poison resistance.
  1409 | D:2      | 1409 ||| READING scroll labelled ZIAMAU JOW DUO.
  1410 | D:2      | 1410 ||| DRINKING 2 smoky emerald potions.
  1482 | D:3      | Found a hazy altar of Hepliaklqana.
  1510 | D:3      | Reached XP level 3. HP: 20/20 MP: 5/5
  1542 | D:3      | HP: 5/20 [something (2)]
  1543 | D:3      | 1543 ||| READING scroll of teleportation.
  1543 | D:3      | HP: 2/20 [something (1)]
  1544 | D:3      | Slain by an orc wizard

Levels and vault maps discovered:
D:1:      ncdulo_smallfort, layout_basic, serial_shops,
          nicolae_shop_advertising_works [nicolae_subvault_shop_adworks],
          nrook_uturn, st_stairs_1
D:2:      layout_basic, hangedman_decor_peaks_small, st_stairs_11
D:3:      layout_basic, mainiacjoe_overflow_two_lobes, overflow_temple_1_default

Skill      XL: |  1  2 |
---------------+-------+-----
Ranged Weapons | 6 |  6.7
Fighting       | |  1.5
Dodging        | |  2.4
Stealth        | |  1.2

Action                     || total
---------------------------++-------
   Fire: Shortbow          ||    69
    Use: Scroll            ||     7
         Potion            ||     1
 Armour: Leather armour    ||     4
         Ring mail         ||     3
  Dodge: Dodged            ||     8

Table legend:
 A = Non-vault XP
 B = Vault XP
 C = Vault XP percentage of total XP
 D = Non-vault monster count
 E = Vault monster count
 F = Vault count percentage of total count
                 A         B        C        D         E       F
            +---------+---------+-------+---------+---------+-------
      Total |      36 |      14 |  28.0 |      20 |       6 |  23.1
            +---------+---------+-------+---------+---------+-------
        D:1 |       7 |       2 |  22.2 |       5 |       2 |  28.6
        D:2 |      18 |      12 |  40.0 |      10 |       4 |  28.6
        D:3 |      11 |       0 |   0.0 |       5 |       0 |   0.0
            +---------+---------+-------+---------+---------+-------
